 Dungeon Crawl Stone Soup version 0.19-b1-3-g7dea586 (webtiles) character file.

58 0nlyNaCj the Conjurer (level 4, 0/36 HPs)
             Began as a Naga Conjurer on Oct 30, 2016.
             Slain by Sigmund
             ... wielding a +1 scythe of protection
              (13 damage)
             ... on level 2 of the Dungeon.
             The game lasted 00:02:11 (1303 turns).

0nlyNaCj the Conjurer (Naga Conjurer)               Turns: 1303, Time: 00:02:11

Health: 0/36       AC:  2    Str: 15    XL:     4   Next: 2%
Magic:  5/8        EV: 10    Int: 16    God:
Gold:   113        SH:  0    Dex: 11    Spells: 2 memorised, 6 levels left

rFire  . . .     SeeInvis +     (no weapon)
rCold  . . .     Gourm    .     a - +0 robe
rNeg   . . .     Faith    .     (no shield)
rPois  +         Spirit   .     (no helmet)
rElec  .         Reflect  .     (no cloak)
rCorr  .         Harm     .     (no gloves)
MR     .....                    (no barding)
Stlth  ++........               (no amulet)
                                (no ring)
                                j - +4 ring of strength

@: short of breath, very slow
A: see invisible, deformed body, poison resistance, slowness 2, slow metabolism
1, spit poison 1, AC +1
a: Spit Poison


You were on level 2 of the Dungeon.
You were hungry.

You visited 1 branch of the dungeon, and saw 2 of its levels.

You collected 113 gold pieces.

Inventory:

Armour
 a - a +0 robe (worn)
Jewellery
 j - a +4 ring of strength (left hand)
Scrolls
 d - 3 scrolls of identify {unknown}
 e - a scroll of teleportation {unknown}
 g - a scroll of remove curse {unknown}
 i - a scroll of blinking {unknown}
 k - a scroll of enchant weapon {unknown}
 m - a scroll of amnesia {unknown}
Potions
 f - 2 potions of curing {unknown}
 h - a potion of brilliance {unknown}
 n - a potion of invisibility {unknown}
Books
 b - a book of Conjurations

   Spells                             Type                      Level
   a - Magic Dart                     Conjuration                  1
   b - Searing Ray                    Conjuration                  2
   c - Dazzling Spray                 Conjuration/Hexes            3
   d - Fulminant Prism                Conjuration/Hexes            4
   e - Iskenderun's Mystic Blast      Conjuration                  4
   f - Iskenderun's Battlesphere      Conjuration/Charms           5
Comestibles
 c - a bread ration
 l - 4 chunks of flesh
 o - a royal jelly


   Skills:
 - Level 1.5 Dodging
 - Level 3.0 Stealth
 * Level 3.3 Spellcasting
 + Level 4.5 Conjurations


You had 6 spell levels left.
You knew the following spells:

 Your Spells              Type           Power        Failure   Level  Hunger
a - Magic Dart            Conj           ###.         3%          1    None
b - Searing Ray           Conj           ###...       6%          2    ##.....


Dungeon Overview and Level Annotations

Branches:
Dungeon (2/15)

Altars:

Annotations:
D:2 Robin, Sigmund


Innate Abilities, Weirdness & Mutations

You cannot wear boots.
Your serpentine skin is tough. (AC +1)
You have supernaturally acute eyesight. (SInv)
Armour fits poorly on your strangely shaped body.
Your system is resistant to poisons. (rPois)
You cover ground very slowly.
You have a slow metabolism.
You can spit poison.


Message History

Press: ? - help, Shift-Dir - straight line, f/p - Sigmund
Aim: Sigmund, wielding a scythe of protection and wearing a glowing robe (heavily wounded, poisoned)
Okay, then.
You bump into the rock wall.
Sigmund drinks a potion.
Sigmund is healed!
You bump into the rock wall.
Sigmund barely misses you.
Sigmund looks more healthy.
Sigmund points at you and mumbles some strange words.
The magic dart hits you!
You feel less confused. Sigmund barely misses you.
Things that are here:
a club; a goblin skeleton You see here a club.
Press: ? - help, Shift-Dir - straight line, f/p - Sigmund
Aim: Sigmund, wielding a scythe of protection and wearing a glowing robe (lightly wounded)
The splash of poison hits Sigmund.
Sigmund appears unharmed.
Sigmund is lightly wounded.
You are feeling hungry.
Sigmund hits you from afar with a scythe of protection!
You die...

#. ### ####..# #.# #..
......##. #.# #.# #.......
#.# #.# #.....# #.###.##
#.<...# #.##.#.## #.....#
#.#.###.#######.....#
#..## ##....@)@...####
####...###.#####.........#
#......)#.## #.###.##..#
#.........# #.# .# #
#.##..###.# #.# # #.##..#
#.# #.# #.##..# #.# #.#
#.##..# #.# #.# #.###.#
#.# #.#


You could see Sigmund.

Vanquished Creatures
  An adder (D:2)
  An ooze (D:1)
  2 dart slugs (D:1)
  A worm (D:2)
  A leopard gecko (D:1)
  7 goblins
  6 hobgoblins
  4 jackals (D:2)
  A ball python (D:1)
  3 bats
  5 frilled lizards
  4 kobolds
  3 rats
39 creatures vanquished.

Vanquished Creatures (others)
  5 toadstools (D:1)
5 creatures vanquished.

Grand Total: 44 creatures vanquished

Notes
Turn   | Place    | Note
-------+----------+-------------------------------------------
     0 | D:1      | 0nlyNaCj the Naga Conjurer began the quest for the Orb.
     0 | D:1      | Reached XP level 1. HP: 15/15 MP: 3/3
   170 | D:1      | Reached XP level 2. HP: 5/22 MP: 3/5
   175 | D:1      | Learned a level 2 spell: Searing Ray
   661 | D:2      | Reached XP level 3. HP: 28/28 MP: 7/7
  1009 | D:2      | Noticed Robin
  1013 | D:2      | Noticed Sigmund
  1265 | D:2      | Reached XP level 4. HP: 35/36 MP: 5/8
  1303 | D:2      | Slain by Sigmund

Skill      XL: |  1  2  3 |
---------------+----------+-----
Spellcasting   | 3 |  3.3
Dodging        | |  1.5
Stealth        | |  3.0
Conjurations   | |  4.5

Action                   |  1- 3 |  4- 6 || total
-------------------------+-------+-------++-------
Melee: Unarmed           |    11 |       ||    11
 Cast: Magic Dart        |    39 |     2 ||    41
       Searing Ray       |     4 |     1 ||     5
 Abil: Spit Poison       |    24 |     3 ||    27
  Eat: Chunk             |     2 |       ||     2
Armor: Robe              |    21 |       ||    21
Dodge: Dodged            |    32 |     3 ||    35
